 Dungeon Crawl Stone Soup version 0.25.0-46-gbd7b0854d2 (webtiles) character file.

Game seed: 12269657274199796631

121 Ethylacetat the Gusty (level 5, -7/31 HPs)
             Began as an Octopode Air Elementalist on July 15, 2020.
             Killed from afar by Natasha (10 damage)
             ... with a magic dart
             ... on level 3 of the Dungeon.
             The game lasted 00:08:35 (2868 turns).

Ethylacetat the Gusty (Octopode Air Elementalist)   Turns: 2868, Time: 00:08:37

Health: -7/31      AC:  1    Str:  8    XL:     5   Next: 5%
Magic:  6/9        EV: 13    Int: 18    God:
Gold:   141        SH:  0    Dex: 12    Spells: 8/9 levels left

rFire    . . .     SeeInvis .   e - +0 club
rCold    . . .     Gourm    .   (no shield)
rNeg     . . .     Faith    .   (helmet restricted)
rPois    .         Spirit   .   (no amulet)
rElec    .         Reflect  .   (no ring)
rCorr    .         Harm     .   (no ring)
MR       .....                  (no ring)
Stlth    +++.......             (no ring)
HPRegen  0.10/turn              (no ring)
MPRegen  0.11/turn              (no ring)
                                (no ring)
                                (no ring)

@: very slightly contaminated
A: almost no armour, stealthy swim, amphibious, 8 rings, constrict 8, camouflage
1, gelatinous body 1
a: no special abilities


You were on level 3 of the Dungeon.
You were hungry.

You visited 1 branch of the dungeon, and saw 3 of its levels.

You collected 141 gold pieces.

Inventory:

Hand Weapons
 e - a +0 club (weapon)
Jewellery
 n - a +4 ring of evasion {unknown}
Wands
 k - a wand of iceblast (7)
Scrolls
 c - a scroll of fog {unknown}
 g - a scroll of identify {unknown}
 l - a scroll of immolation {unknown}
 o - a scroll of fear {unknown}
Potions
 a - 3 potions of heal wounds {unknown}
 d - 3 potions of curing {unknown}
 f - a potion of stabbing {unknown}
 h - a potion of degeneration {unknown}
 j - a potion of brilliance {unknown}
 m - a potion of invisibility {unknown}
 p - a potion of resistance {unknown}
Comestibles
 b - 7 rations
 i - a chunk of flesh


   Skills:
 - Level 2.0 Dodging
 - Level 2.6 Stealth
 + Level 2.7 Spellcasting
 * Level 3.0 Conjurations
 * Level 4.1 Air Magic


You had 8 spell levels left.
You knew the following spells:

 Your Spells              Type           Power        Failure   Level  Hunger
a - Shock                 Conj/Air       ###.         3%          1    #......

Your spell library contained the following spells:

 Spells                   Type           Power        Failure   Level  Hunger
 Swiftness                Chrm/Air       #.......     11%         2    ##.....
 Static Discharge         Conj/Air       ###.....     12%         3    ###....
 Airstrike                Air            ###.......   30%         4    #####..
 Lightning Bolt           Conj/Air       ###.......   71%         5    ######.


Dungeon Overview and Level Annotations

Branches:
Dungeon (3/15)

Altars:
Elyvilon

Annotations:
D:3 Natasha


Innate Abilities, Weirdness & Mutations

You cannot wear most types of armour.
You are very stealthy in the water. (Stealth+)
You are amphibious.
You can wear up to eight rings at the same time.
You can use your tentacles to constrict eight enemies at once.
Your skin changes colour to match your surroundings (Stealth+).
Your rubbery body absorbs attacks. (AC +1, EV +1)


Message History

The white imp gestures at you. The puff of frost hits you!
* * * LOW HITPOINT WARNING * * *
Natasha barely misses you.
You are feeling hungry.
There is an open door here.
Natasha closely misses you.
There is an escape hatch in the ceiling here.
Casting: Shock (safe; 3% risk of failure)
Confirm with . or Enter, or press ? or * to list all spells.
Aiming: Shock (safe; 3% risk of failure)
Press: ? - help, Shift-Dir - straight line, p - Natasha The zap hits Natasha.
Natasha is moderately wounded.
The zap hits Natasha.
Natasha is moderately wounded.
You feel yourself speed up. Natasha casts a spell at you.
The magic dart hits you!
You die...

....(# #.............
############
#....#+#......
##.........#.. #....#
.o... ...#######.#.#
#....# .... #### #.#.#
#....# ... # #.#.#
#....# .. #######
#.#.# ###...# .
......# #.#.# #.h5..#
#####.# #.#.###@#...#
#.####.#.....#...#
#####........#####...#
.(....####..## #####
.....†####..#
......+.....#
......#####.# ......#
#.# ......#####.#


You could see Natasha and a white imp (summoned).

Vanquished Creatures
  An orc priest (D:3)
  3 adders
  An ooze (D:3)
  A worm (D:2)
  A dart slug (D:3)
  2 leopard geckos (D:2)
  3 orcs (D:3)
  8 bats
  3 giant cockroaches (D:1)
  3 goblins
  8 hobgoblins
  4 jackals (D:1)
  4 kobolds
  3 frilled lizards
  5 rats
50 creatures vanquished.

Notes
Turn   | Place    | Note
-------+----------+-------------------------------------------
     0 | D:1      | Ethylacetat the Octopode Air Elementalist began the quest
                  | for the Orb.
     0 | D:1      | Reached XP level 1. HP: 11/11 MP: 3/3
   513 | D:1      | Reached XP level 2. HP: 17/17 MP: 3/5
  1136 | D:1      | Reached XP level 3. HP: 17/21 MP: 1/6
  2009 | D:2      | Found a white marble altar of Elyvilon.
  2252 | D:2      | Reached XP level 4. HP: 22/27 MP: 2/7
  2525 | D:3      | Reached skill level 4 in Air Magic
  2615 | D:3      | Reached XP level 5. HP: 31/31 MP: 5/9
  2851 | D:3      | Noticed Natasha
  2868 | D:3      | Killed from afar by Natasha

Illustrated notes

Levels and vault maps discovered:
D:1:      lemuel_arrival_funnel, layout_basic
D:2:      layout_basic, lemuel_round_altar
D:3:      layout_basic, overflow_temple_1_default, first_ration,
          serial_corexii_hall, corexii_hall_statues_x,
          chequers_hall_statues_wall_a, corexii_hall_statues_x,
          corexii_hall_statues_l, corexii_hall_statues_u,
          chequers_hall_statues_wall_a, uniq_natasha

Skill      XL: |  1  2  3  4  5 |
---------------+----------------+-----
Conjurations   | 2 3 |  3.0
Air Magic      | 4 |  4.1
Dodging        | |  2.0
Stealth        | |  2.6
Spellcasting   | |  2.7

Action                   |  1- 3 |  4- 6 || total
-------------------------+-------+-------++-------
Melee: Unarmed           |    15 |       ||    15
       Constrict         |    15 |     2 ||    17
       Club              |    37 |     9 ||    46
       Tentacles         |     4 |     2 ||     6
 Cast: Shock             |    42 |    20 ||    62
 Stab: Sleeping          |     5 |     3 ||     8
  Eat: Chunk             |     5 |     1 ||     6
Armor: Skin              |    15 |     1 ||    16
Dodge: Dodged            |    67 |    12 ||    79
